 Dungeon Crawl Stone Soup version 0.31-a0-986-g5e6e4ef867 (webtiles) character file.

Game seed: 17185273551806565534

5121 pokeman the Thaumaturge (level 10, -3/54 (56) HPs)
             Began as a Deep Elf Hedge Wizard on Nov 1, 2023.
             Was a Follower of Vehumet.
             Slain by a hell rat (11 damage)
             ... on level 10 of the Dungeon on Nov 3, 2023.
             The game lasted 00:26:11 (11002 turns).

pokeman the Thaumaturge (Deep Elf Hedge Wizard)    Turns: 11002, Time: 00:26:12

HP:   -3/54 (56)    AC:  7    Str:  7    XL:     10   Next: 32%
MP:   26/29         EV: 12    Int: 24    God:    Vehumet [*.....]
Gold: 681           SH:  0    Dex: 14    Spells: 16/35 levels left

rFire   + . .        E - +0 dagger (venom)
rCold   . . .        (no shield)
rNeg    . . .        s - +2 leather armour {rF+}
rPois   +            c - +0 hat
rElec   .            (no cloak)
rCorr   .            A - +0 pair of gloves
SInv    .            p - +0 pair of boots
Will    +....        (no amulet)
Stlth   ++           g - ring of flight
HPRegen 0.29/turn    y - ring of poison resistance
MPRegen 0.21/turn

%: no passive effects
@: flying, very slightly contaminated, lightly drained
A: no striking features
a: Renounce Religion


You were on level 10 of the Dungeon.
You worshipped Vehumet.
Vehumet was aware of your devotion.
You visited 2 branches of the dungeon, and saw 12 of its levels.
You also visited: Sewer.

You collected 681 gold pieces.

Inventory:

Hand Weapons
 E - a +0 dagger of venom (weapon)
Missiles
 m - 2 curare-tipped darts
 P - 2 throwing nets
Armour
 c - a +0 hat (worn)
 p - a +0 pair of boots (worn)
 s - a +2 leather armour of fire resistance (worn)
 A - a +0 pair of gloves (worn)
 L - +0 steam dragon scales
Magical Staves
 o - a staff of fire
 D - a staff of poison
Jewellery
 g - a ring of flight (left hand)
 q - a ring of positive energy
 y - a ring of poison resistance (right hand)
 C - a ring of fire
 O - an amulet of faith
 R - an amulet of guardian spirit
 T - a ring of fire
Wands
 G - a wand of acid (13)
 J - a wand of paralysis (7)
 N - a wand of roots (18)
 W - a wand of mindburst (3)
Scrolls
 b - a scroll of poison {unknown}
 e - 4 scrolls of teleportation {unknown}
 f - a scroll of enchant armour {unknown}
 h - a scroll of noise {unknown}
 i - 4 scrolls of amnesia {unknown}
 j - 2 scrolls of blinking {unknown}
 n - 8 scrolls of identify {unknown}
 r - 3 scrolls of acquirement {unknown}
 t - 3 scrolls of revelation {unknown}
 u - a scroll of brand weapon {unknown}
 x - a scroll of vulnerability {unknown}
 B - a scroll of silence {unknown}
 H - 5 scrolls of fear {unknown}
 K - a scroll of butterflies {unknown}
 V - a scroll of fog {unknown}
Potions
 a - 5 potions of degeneration {unknown}
 d - 4 potions of magic
 k - 3 potions of lignification {unknown}
 l - 5 potions of curing {unknown}
 v - a potion of cancellation {unknown}
 w - a potion of attraction {unknown}
 z - 2 potions of resistance {unknown}
 F - a potion of mutation {unknown}
 I - 2 potions of might {unknown}
 M - a potion of heal wounds {unknown}
 Q - a potion of enlightenment {unknown}
 S - a potion of haste {unknown}
 U - a potion of ambrosia {unknown}
 X - a potion of berserk rage {unknown}


   Skills:
 - Level 4.0 Fighting
 + Level 3.3 Armour
 - Level 3.0 Dodging
 - Level 3.0 Stealth
 * Level 13.0 Spellcasting
 + Level 7.4 Conjurations
 - Level 1.1 Summonings
 - Level 3.0 Necromancy
 - Level 1.1 Translocations
 + Level 6.6 Fire Magic
 - Level 1.2 Air Magic
 - Level 1.0 Poison Magic
 - Level 1.0 Evocations


You had 16 spell levels left.
You knew the following spells:

 Your Spells              Type           Power      Damage    Failure   Level
a - Magic Dart            Conj           100%       1d8       1%          1
b - Mephitic Cloud        Conj/Pois/Air  31%        N/A       4%          3
c - Call Imp              Summ           40%        N/A       5%          2
d - Blink                 Tloc           40%        N/A       5%          2
e - Foxfire               Conj/Fire      100%       2x1d9     1%          1
f - Starburst             Conj/Fire      24%        6d8       43%         6
g - Dispel Undead         Necr           30%        3d14      16%         4

Your spell library contained the following spells:

 Spells                   Type           Power      Damage    Failure   Level
 Freeze                   Ice            60%        1d7       5%          1
 Apportation              Tloc           40%        N/A       3%          1
 Volatile Blastmotes      Fire/Tloc      68%        2d15      3%          3
 Sting                    Tmut/Pois      72%        1d6       4%          1
 Cigotuvi's Dreadful Rot  Necr/Pois/Air  48%        N/A       4%          2
 Slow                     Hex            60%        N/A       5%          1
 Poisonous Vapours        Pois/Air       42%        N/A       5%          2
 Ensorcelled Hibernation  Hex/Ice        30%        N/A       9%          2
 Jinxbite                 Hex            30%        N/A       9%          2
 Iskenderun's Mystic Bla  Conj/Tloc      36%        2d9       10%         4
 Call Canine Familiar     Summ           20%        N/A       11%         3
 Fulminant Prism          Conj/Hex       16%        3d10      12%         4
 Confusing Touch          Hex            15%        N/A       17%         3
 Sigil of Binding         Hex            15%        N/A       17%         3
 Olgreb's Toxic Radiance  Pois           20%        N/A       36%         4
 Dimensional Bullseye     Hex/Tloc       9%         N/A       41%         4
 Leda's Liquefaction      Hex/Erth       7%         N/A       50%         4
 Summon Forest            Summ/Tloc      10%        N/A       69%         5
 Alistair's Intoxication  Tmut/Pois      12%        N/A       77%         5
 Death Channel            Necr           15%        N/A       94%         6
 Eringya's Noxious Bog    Tmut/Pois      9%         4d6       100%        6
 Summon Hydra             Summ           10%        N/A       100%        7
 Discord                  Hex            7%         N/A       100%        8


Dungeon Overview and Level Annotations

Branches:
Dungeon (11/15)            Temple (1/1) D:4            Lair (0/5) D:10
  Sewer (visited)
    Orc: D:9-12

Altars:
Cheibriados
Dithmenos
Elyvilon
Fedhas
Gozag
Kikubaaqudgha
Nemelex Xobeh
Okawaru
Qazlal
Sif Muna
Trog
Uskayaw
Vehumet
Wu Jian
Xom
Yredelemnul
Zin

Shops:
D:5 *

Annotations:
D:1 1 runed translucent door
D:4 1 runed translucent door, SirDiesAlot's ghost, amateur DsAE


Message History

There is a stone staircase leading down here.
The death yak gores you!
The death yak bellows!
You hit the death yak but do no damage.
The death yak is poisoned.
The death yak barely misses you.
Unknown command.
Casting: Foxfire (safe; 1% risk of failure)
Confirm with . or Enter, or press ? or * to list all spells.
You don't know that spell.
Okay, then.
Unknown command.
Unknown command.
Casting: Foxfire (safe; 1% risk of failure)
Confirm with . or Enter, or press ? or * to list all spells.
You blink.
A quokka comes into view.
Unknown command.
A rat and a hell rat come into view.
Found a staircase to the Lair.
The hell rat roars deafeningly!
A rat comes into view.
The quokka barely misses you. The quokka closely misses you.
There is an open door here.
Found 8 gold pieces.
You feel ready to blink again. The hell rat attacks as it pursues you!
The hell rat bites you.
The hell rat twitches its whiskers.
The hell rat attacks as it pursues you! The hell rat misses you.
Casting: Blink (safe; 5% risk of failure)
Confirm with . or Enter, or press ? or * to list all spells.
Aiming: Mephitic Cloud (dangerous; 4% risk of failure)
Press: ? - help, Shift-Dir - straight line, f - hell rat
Aim: a hell rat (chance to affect: 86%)
You miscast Mephitic Cloud.
You are very lightly contaminated with residual magic.
Nothing appears to happen.
The hell rat bites you!
* * * LOW HITPOINT WARNING * * *
You feel drained. The hell rat bites you!
You die...

##.###.#.#
##†#.#####.##.####.#
##.#.##.#####....#.....Y...#
#.#
##.###............###.##Y.#
#.# #.# #######....###
#.##>.# #.# #.#
##†#.#####.##..###.# #.#
#.).†.....##Y....## #.#
#.#†....#.##....## #.#
##+####.###.Y...## #.#
##..@####.#.....## #.##
##....r####.Y...## #..##
#$.....r###....##
##...####.........#...###.
#.......+.........Y..r....r
##...####..................
####..###
##.......#..#.......
#.......#
##......#..........
#.##.##.# ##...#.#..........


You could see a death yak, a hell rat and a quokka.

Vanquished Creatures
  An unseen horror (D:11)
  A hornet (D:10)
  Sigmund (D:5)
  A yak (D:8)
  A steam dragon (D:6)
  2 acid dragons (D:8)
  3 water moccasins (D:8)
  3 orc warriors
  2 ice beasts
  6 sky beasts
  3 black bears
  3 ogres (D:7)
  2 centaurs
  3 phantoms
  A kobold brigand (D:8)
  Blork the orc (D:5)
  3 bullfrogs
  A scorpion (D:6)
  2 wights (D:8)
  9 killer bees
  4 howler monkeys
  2 hounds
  An orc priest (D:9)
  4 jellies
  4 orc wizards
  7 gnolls
  12 adders
  5 river rats
  A white imp (D:6)
  7 worms
  21 orcs
  9 ball pythons
  2 bats (D:1)
  8 endoplasms
  3 giant cockroaches
  8 goblins
  12 hobgoblins
  10 jackals
  3 quokkas
  6 kobolds
  8 rats
186 creatures vanquished.

Vanquished Creatures (collateral kills)
  The ghost of Shayle the Insei, an amateur TeHs (D:3)
  2 sleepcaps
  An orc (D:8)
  A hobgoblin (D:3)
  A frilled lizard (D:2)
6 creatures vanquished.

Vanquished Creatures (others)
  254 foxfires
254 creatures vanquished.

Grand Total: 446 creatures vanquished

Notes
Turn   | Place    | Note
-------+----------+-------------------------------------------
     0 | D:1      | pokeman the Deep Elf Hedge Wizard began the quest for the
                  | Orb.
     0 | D:1      | Reached XP level 1. HP: 10/10 MP: 7/7
     1 | D:1      | Found a runed translucent door.
   141 | D:1      | Reached XP level 2. HP: 4/16 MP: 0/9
   486 | D:1      | Reached skill level 5 in Spellcasting
   759 | D:1      | Reached XP level 3. HP: 20/20 MP: 8/11
   763 | D:1      | Learned a level 3 spell: Mephitic Cloud
   766 | D:1      | Learned a level 2 spell: Call Imp
   769 | D:1      | Learned a level 2 spell: Blink
  1209 | D:2      | Reached skill level 1 in Fighting
  1210 | D:2      | Reached skill level 1 in Armour
  1218 | D:2      | Reached XP level 4. HP: 8/25 MP: 2/13
  2289 | D:3      | Reached skill level 6 in Spellcasting
  2289 | D:3      | Reached XP level 5. HP: 25/29 MP: 10/15
  2471 | D:3      | Found a glowing drain.
  2510 | Sewer    | Entered a sewer
  3250 | Sewer    | Reached skill level 1 in Fire Magic
  3344 | Sewer    | Reached XP level 6. HP: 34/34 MP: 7/17
  3523 | Sewer    | Reached skill level 1 in Poison Magic
  3790 | D:3      | Found a blossoming altar of Fedhas.
  3811 | D:3      | Reached skill level 1 in Evocations
  4247 | D:3      | Found a runed translucent door.
  4247 | D:3      | Noticed Shayle's ghost (amateur TeHs)
  4393 | D:3      | Killed Shayle's ghost
  4394 | D:3      | Reached skill level 1 in Air Magic
  4677 | D:4      | Reached skill level 7 in Spellcasting
  4836 | D:4      | Found a staircase to the Ecumenical Temple.
  4933 | Temple   | Entered the Ecumenical Temple
  5167 | D:4      | Reached XP level 7. HP: 36/39 MP: 16/20
  5387 | D:4      | Upgraded the game from 0.31-a0-981-geadf994542 to
                  | 0.31-a0-986-g5e6e4ef867
  5517 | D:4      | Found a runed translucent door.
  5524 | D:4      | Noticed SirDiesAlot's ghost (amateur DsAE)
  5656 | D:5      | Entered Level 5 of the Dungeon
  5743 | D:5      | Noticed Blork the orc
  5751 | D:5      | Killed Blork the orc
  5818 | D:5      | Reached skill level 8 in Spellcasting
  5989 | D:5      | Found Hups's General Store.
  6214 | D:5      | Found a radiant altar of Vehumet.
  6222 | D:5      | Became a worshipper of Vehumet
  6254 | D:5      | Noticed Sigmund
  6262 | D:5      | Killed Sigmund
  6263 | D:5      | Reached skill level 9 in Spellcasting
  6263 | D:5      | Reached XP level 8. HP: 45/45 MP: 20/23
  6671 | D:6      | Reached skill level 5 in Conjurations
  6809 | D:6      | HP: 2/46 [ice beast (12)]
  7051 | D:6      | Reached skill level 10 in Spellcasting
  7704 | D:7      | Reached XP level 9. HP: 46/52 MP: 23/25
  8234 | D:7      | Reached skill level 5 in Fire Magic
  8236 | D:7      | Reached skill level 11 in Spellcasting
  8238 | D:7      | Found a bloodstained altar of Trog.
  8558 | D:8      | Identified the "Emeir"
  8709 | D:8      | Learned a level 4 spell: Dispel Undead
  8806 | D:8      | Learned a level 1 spell: Foxfire
  8813 | D:8      | Learned a level 6 spell: Starburst
  8992 | D:8      | Reached skill level 1 in Necromancy
  9231 | D:8      | Reached * piety under Vehumet
  9231 | D:8      | Offered knowledge of Freeze by Vehumet.
  9242 | D:8      | Reached skill level 12 in Spellcasting
  9668 | D:8      | Identified the +1 hand axe of Foolhardiness {heavy, Drain
                  | Str+4}
  9707 | D:8      | Found a shimmering blue altar of Sif Muna.
  9813 | D:8      | Reached XP level 10. HP: 56/56 MP: 22/28
 10689 | D:9      | You are sucked into a shaft and drop 2 floors!
 10702 | D:11     | Noticed a seven-headed hydra
 10762 | D:10     | Entered Level 10 of the Dungeon
 10872 | D:10     | Reached skill level 13 in Spellcasting
 10964 | D:10     | Noticed a death yak
 10965 | D:10     | Noticed a death yak
 10965 | D:10     | Noticed a death yak
 10995 | D:10     | Found a staircase to the Lair.
 11002 | D:10     | Slain by a hell rat

Illustrated notes

Levels and vault maps discovered:
D:1:      dpeg_arrival_caged_fury, layout_basic, minmay_pentomino_z2
D:2:      layout_loops_corners
D:3:      layout_loops_cross, fedhas_altar_1, ebering_ghost_reflecting_pool,
          gup_sewer_entry_glass
D:4:      layout_loops_cross, temple_statues, ebering_ghost_sewer_d
D:5:      layout_rooms, mainiacjoe_overflow_alcove_2, serial_shops,
          nicolae_shop_tiny_glass, minmay_curled_crystal, sigmund_army,
          uniq_blork_the_orc
D:6:      layout_loops_ring, hex_tiny
D:7:      layout_loops_ring, trog_antimagical, grunt_decor_cap
D:8:      layout_basic, mainiacjoe_overflow_24_doors,
          kennysheep_decorative_pillar, kennysheep_kite_vault
D:9:      layout_stronghold, gammafunk_temple_overflow_claw, david_orc_2,
          uniq_psyche
D:10:     layout_loops_corners, tso_oasis_becter, mainiacjoe_overflow_alcove_1,
          dpeg_lair_monsters, minivault_5, corexii_checkpoint, minivault_26,
          nrook_mini_backslash, guppyfry_early_elven_hall, uniq_erolcha
D:11:     layout_cave_pools
Temple:   compressed_dpeg_triangle_lava_temple

Skill      XL: |  1  2  3  4  5  6  7  8  9 10 |
---------------+-------------------------------+-----
Spellcasting   | 5 6 7 9 10 12 13 | 13.0
Fighting       | 1 2 3 4 |  4.0
Armour         | 1 2 3 |  3.3
Conjurations   | 2 3 4 5 6 7 |  7.4
Stealth        | 3 |  3.0
Dodging        | 3 |  3.0
Fire Magic     | 1 2 3 4 6 |  6.6
Poison Magic   | 1 |  1.0
Evocations     | 1 |  1.0
Air Magic      | 1 |  1.2
Necromancy     | 2 3 |  3.0
Summonings     | |  1.1
Translocations | |  1.1

Action                     |  1- 3 |  4- 6 |  7- 9 | 10-12 || total
---------------------------+-------+-------+-------+-------++-------
  Melee: War axe           |    28 |    24 |       |       ||    52
         Whip              |       |    28 |       |       ||    28
         Dagger            |       |    26 |   106 |    20 ||   152
         Punch             |       |       |     2 |       ||     2
   Cast: Magic Dart        |    61 |   196 |   136 |       ||   393
         Mephitic Cloud    |     3 |     6 |    26 |     5 ||    40
         Call Imp          |     1 |     6 |     7 |       ||    14
         Blink             |       |     1 |     6 |     1 ||     8
         Foxfire           |       |       |    76 |    63 ||   139
   Stab: Sleeping          |     2 |     1 |       |       ||     3
         Confused          |     1 |     1 |    13 |     4 ||    19
 Armour: Robe              |    32 |    56 |       |       ||    88
         Leather armour    |       |     3 |   121 |    28 ||   152
  Dodge: Dodged            |    39 |    90 |   134 |    16 ||   279

Table legend: (Time is in decaauts)
 A = Elapsed time spent in this place.
 B = Non-inter-level travel time spent in this place.
 C = Inter-level travel time spent in this place.
 D = Time resting spent in this place.
 E = Time spent auto-exploring this place.
 F = Levels seen in this place.
 G = Mean time per level.
                   A        B        C        D        E       F      G
               +--------+--------+--------+--------+--------+-----+--------+
         Total |  11026 |  10666 |    360 |    127 |   8607 |  13 |  848.2 |
       Dungeon |   9908 |   9574 |    334 |    127 |   7665 |  11 |  900.7 |
        Temple |     27 |      1 |     26 |      0 |      0 |   1 |   27.0 |
         Sewer |   1090 |   1090 |      0 |      0 |    942 |   1 | 1090.0 |
               +--------+--------+--------+--------+--------+-----+--------+

Top non-repeatable levels by time:
     D:8: 1751 daAuts
     D:2: 1355 daAuts
     D:3: 1278 daAuts
     D:6: 1116 daAuts
   Sewer: 1090 daAuts
     D:4: 1088 daAuts
     D:7: 982 daAuts
     D:5: 917 daAuts
     D:1: 841 daAuts
     D:9: 265 daAuts
    D:10: 239 daAuts
    D:11: 72 daAuts
  Temple: 27 daAuts
